Map: Blackburn LE

Players

LOSTzTALE

  • Race: Zerg Zerg
  • League: Diamond
  • Spawn Location: 7:00

Warthog - Winner!

  • Race: Terran Terran
  • League: Diamond
  • Spawn Location: 5:00

VOD

Have the link to the VOD?

Description

Time

  • Played on: Nov. 16, 2021, 5:27 p.m.
  • Length: 10:26
Show
View Real Time Build Order
Export as new Build Order

LOSTzTALE Zerg 

Build Orders: Pool First 

Get SALT Encoding   

  12  0:00  Drone  
  13  0:08  Drone  
  14  0:17  Overlord  
  15  0:35  Drone x3  
  17  0:45  Spawning Pool  
  17  0:48  Drone  
  17  1:11  Hatchery  
  16  1:13  Drone  
  16  1:16  Drone  
  18  1:27  Drone  
  19  1:34  Queen  
  19  1:39  Overlord  
  21  1:56  Hatchery  
  20  2:07  Drone x3  
  23  2:13  Extractor  
  22  2:19  Queen  
  24  2:26  Queen  
  26  2:32  Drone x2  
  28  2:46  Drone  
  28  2:47  Drone x4  
  33  3:04  Drone  
  33  3:05  Drone x2  
  36  3:06  Overlord  
  36  3:10  Queen  
  39  3:12  Drone  
  39  3:21  Drone  
  39  3:22  Drone  
  41  3:35  Queen, Drone  
  41  3:36  Queen  
  41  3:39  Drone  
  41  3:40  Drone x3  
  50  3:44  Evolution Chamber  
  50  3:46  Evolution Chamber  
  48  3:48  Drone  
  48  3:49  Drone  
  48  3:54  Spine Crawler  
  49  4:00  Spine Crawler  
  48  4:09  Drone  
  48  4:10  Drone x2  
  48  4:11  Roach Warren  
  48  4:14  Zerg Missile Weapons Level 1  
  49  4:28  Overlord x3  
  49  4:32  Zerg Ground Armor Level 1  
  49  4:40  Queen  
  48  4:51  Queen  
  48  4:52  Drone x2  
  51  4:54  Drone x4  
  51  4:55  Extractor  
  54  5:05  Spore Crawler  
  47  5:18  Roach x3  
  51  5:22  Queen x2  
  55  5:31  Spore Crawler  
  54  5:37  Drone x4  
  54  5:38  Drone x3  
  56  5:55  Roach  
  56  5:56  Overlord x3  
  57  6:12  Extractor  
  57  6:15  Extractor  
  55  6:23  Lair  
  55  6:29  Hatchery  
  55  6:31  Drone x5  
  55  6:32  Drone  
  60  6:53  Drone  
  61  6:54  Roach  
  61  6:55  Roach x5  
  73  7:09  Roach  
  73  7:10  Roach x3  
  73  7:11  Overlord  
  81  7:21  Hydralisk Den  
  80  7:23  Drone x2  
  80  7:26  Overseer  
  82  7:42  Drone x7  
  82  7:43  Drone x4  
  93  7:55  Extractor  
  93  7:56  Extractor  
  91  7:58  Drone  
  91  7:59  Drone x2  
  91  8:00  Zerg Missile Weapons Level 2  
  94  8:19  Pneumatized Carapace  
  94  8:21  Overlord x4  
  94  8:42  Roach x3  
  94  8:43  Roach x7  
  114  8:52  Baneling Nest  
  113  9:08  Roach x3  
  119  9:10  Hatchery, Overlord  
  119  9:11  Overlord x2  
  116  9:22  Roach x2  
  120  9:33  Roach x4  
  128  9:40  Roach  
  128  9:41  Roach x6  
  142  9:46  Drone  
  142  9:47  Drone  
Show
View Real Time Build Order
Export as new Build Order

Warthog Terran - Winner!

Build Orders: Liberator Opening, Reaper Expand 

Get SALT Encoding   

  12  0:00  SCV  
  13  0:12  SCV  
  14  0:17  Supply Depot  
  14  0:24  SCV  
  15  0:38  SCV  
  15  0:40  Barracks  
  16  0:44  Refinery  
  16  0:54  SCV  
  17  1:06  SCV  
  18  1:18  SCV  
  19  1:28  Reaper  
  20  1:34  Orbital Command  
  20  1:44  Command Center  
  20  1:58  Supply Depot  
  20  2:00  Marine  
  21  2:08  SCV  
  22  2:19  Barracks Reactor  
  22  2:20  SCV  
  22  2:22  Factory  
  23  2:32  SCV  
  23  2:33  Refinery  
  24  2:44  SCV  
  25  2:56  SCV  
  26  3:00  Orbital Command  
  26  3:04  Barracks Tech Lab  
  26  3:08  Starport  
  26  3:09  SCV  
  31  3:12  Hellion  
  31  3:13  Hellion  
  31  3:21  SCV  
  31  3:25  Marine  
  33  3:32  SCV  
  33  3:33  SCV  
  35  3:35  Hellion x2  
  39  3:44  SCV  
  39  3:45  Liberator, SCV  
  39  3:46  Supply Depot  
  44  3:51  Supply Depot  
  44  3:56  SCV  
  44  3:57  SCV  
  46  4:08  SCV  
  46  4:09  Hellion x2, SCV  
  52  4:20  SCV, Command Center  
  53  4:24  Supply Depot  
  53  4:28  Viking, SCV  
  56  4:32  SCV  
  57  4:40  Hellion x2, SCV  
  57  4:44  SCV  
  58  4:53  SCV  
  59  5:01  Engineering Bay, Starport Reactor  
  59  5:02  Engineering Bay  
  59  5:04  Barracks x2  
  59  5:12  Stimpack, Marine  
  59  5:14  SCV x2  
  62  5:16  Refinery x2  
  62  5:21  Factory Reactor  
  60  5:26  SCV  
  59  5:33  SCV  
  59  5:35  Orbital Command  
  60  5:39  SCV  
  61  5:45  SCV  
  56  5:51  Terran Infantry Armor Level 1, Terran Infantry Weapons Level 1  
  56  5:52  Barracks  
  56  5:53  Barracks  
  56  5:56  SCV  
  52  5:58  Marine, Starport Reactor  
  52  5:59  Widow Mine x2  
  52  6:00  Marine x4  
  52  6:02  Orbital Command  
  61  6:06  SCV  
  61  6:09  SCV  
  63  6:13  Supply Depot  
  63  6:14  Supply Depot  
  63  6:18  SCV, Marine x3  
  65  6:19  Marine x2  
  65  6:20  Widow Mine  
  65  6:21  SCV  
  74  6:33  Armory  
  74  6:35  Marine x2  
  74  6:36  Marine  
  74  6:37  Marine x2  
  74  6:39  SCV  
  81  6:40  SCV  
  81  6:47  Barracks Reactor  
  79  6:49  Barracks Reactor  
  79  6:52  Combat Shield  
  79  6:53  Factory Tech Lab  
  79  6:54  SCV x2  
  79  6:56  SCV, Factory, Refinery  
  79  6:57  Refinery  
  82  7:02  Supply Depot  
  82  7:03  Supply Depot  
  82  7:04  Medivac x2  
  82  7:06  SCV x2, Marine  
  82  7:08  SCV  
  90  7:17  Marauder, Marine  
  90  7:22  Marine x2  
  93  7:23  Marine x2  
  93  7:24  Terran Vehicle Weapons Level 1, Marine  
  93  7:25  Siege Tank  
  93  7:26  Marine x2  
  93  7:28  SCV x3  
  106  7:36  Supply Depot  
  106  7:38  Supply Depot  
  106  7:39  Marauder  
  106  7:40  SCV x2  
  106  7:41  SCV  
  106  7:44  Marine x6  
  112  7:48  Terran Infantry Weapons Level 2  
  117  7:52  Terran Infantry Armor Level 2  
  117  7:57  Marine  
  118  7:59  Factory Tech Lab  
  118  8:00  Siege Tank  
  121  8:08  Marine  
  121  8:09  Marauder  
  121  8:11  Concussive Shells  
  124  8:15  Medivac  
  124  8:16  Marine x5  
  124  8:18  SCV  
  130  8:21  Supply Depot  
  130  8:27  Supply Depot, Marine x2  
  132  8:43  Siege Tank, Marauder  
  132  8:48  Marine  
  138  8:50  Siege Tank  
  138  8:51  Medivac, Marine x6  
  149  8:59  Supply Depot  
  149  9:01  Supply Depot  
  149  9:10  Supply Depot  
  149  9:20  Medivac, Marine x3  
  149  9:21  SCV, Marauder  
  149  9:22  Siege Tank x2, Marine x2  
  165  9:31  Medivac, Marine x3  
  165  9:38  Marine x3  
  170  9:40  Marine  
  170  9:41  SCV  
  170  9:42  Marauder  
  170  9:43  Marine  
  178  9:50  Command Center  
  178  9:55  Widow Mine  
  178  9:57  Marine  
  181  10:04  Marauder  
Tags
 
Add a new tag
Caveats
  • Supply blocks, unpowered buildings, or Contaminate may cause inaccurate times.
  • Supply counts are checked every 10 seconds.